Map: Bridgehead LE (Void)

Players

wabbajack

  • Race: Zerg Zerg
  • League: Grandmaster

LVGucci - Winner!

  • Race: Terran Terran
  • League: Grandmaster

VOD

Have the link to the VOD?

Description

Time

  • Played on: July 14, 2015, 1:52 p.m.
  • Length: 9:55
Show
View Real Time Build Order
Export as new Build Order

wabbajack Zerg 

Build Orders: Pool First 

Get SALT Encoding   

  12  0:02  Drone  
  13  0:17  Drone  
  13  0:19  Extractor  
  13  0:21  Extractor  
  12  0:22  Drone x2  
  16  0:38  Spawning Pool  
  15  0:45  Overlord  
  15  0:52  Extractor  
  15  0:54  Extractor  
  15  0:55  Drone  
  15  1:04  Drone x2  
  17  1:11  Drone  
  18  1:23  Drone  
  18  1:24  Queen  
  21  1:39  Hatchery  
  20  1:46  Zergling x4  
  22  2:00  Metabolic Boost  
  22  2:05  Overlord  
  22  2:23  Queen  
  22  2:25  Drone  
  22  2:27  Zergling x2  
  22  2:28  Zergling x2  
  26  3:07  Zergling x4  
  26  3:08  Zergling x2  
  29  3:13  Overlord  
  29  3:16  Drone x5  
  34  3:20  Overlord x2  
  34  3:27  Baneling Nest  
  34  3:30  Roach Warren  
  32  3:36  Lair  
  32  3:59  Drone  
  32  4:00  Drone x6  
  38  4:14  Zergling x10  
  38  4:15  Zergling x4  
  41  4:52  Hatchery  
  32  5:15  Drone x4  
  32  5:16  Drone  
  32  5:17  Extractor  
  32  5:18  Drone x3  
  32  5:20  Zergling x2  
  32  5:21  Zergling x20  
  49  5:26  Queen  
  49  5:27  Overlord  
  51  5:29  Centrifical Hooks  
  51  5:33  Glial Reconstitution  
  51  5:37  Spore Crawler  
  51  5:40  Spore Crawler  
  49  5:45  Spore Crawler  
  48  5:57  Pneumatized Carapace  
  48  6:23  Drone x2  
  48  6:24  Drone  
  51  6:26  Drone x2  
  51  6:27  Drone x2, Overlord x3, Extractor  
  51  6:28  Overlord  
  54  6:34  Drone x3, Hydralisk Den  
  56  6:42  Extractor  
  56  6:46  Roach  
  57  6:47  Roach x6  
  68  7:25  Overlord x2  
  68  7:29  Lurker Den  
  68  7:36  Drone x2  
  68  7:37  Drone x6  
  76  7:44  Roach  
  76  7:45  Roach x6  
  76  7:47  Overlord  
  90  7:54  Queen  
  90  7:56  Hatchery  
  91  8:09  Spine Crawler x2  
  81  8:23  Baneling  
  81  8:24  Baneling x3  
  81  8:30  Burrow  
  81  8:33  Hydralisk x4  
  81  8:34  Hydralisk x3  
  91  9:07  Lurker x2  
  91  9:08  Lurker  
  92  9:14  Roach x5  
  92  9:15  Overlord x2, Roach  
Show
View Real Time Build Order
Export as new Build Order

LVGucci Terran - Winner!

Build Orders: Reaper Expand, Mech 

Get SALT Encoding   

  12  0:03  SCV  
  13  0:15  SCV  
  14  0:22  Supply Depot  
  14  0:27  SCV  
  15  0:43  SCV  
  15  0:46  Barracks  
  16  0:52  Refinery  
  16  0:54  Refinery  
  16  0:55  SCV  
  17  1:07  SCV  
  18  1:20  SCV  
  19  1:35  Orbital Command  
  19  1:36  Reaper  
  20  1:57  Command Center  
  20  2:02  SCV  
  22  2:08  Reaper  
  22  2:09  Supply Depot  
  22  2:14  SCV  
  23  2:23  Factory  
  23  2:31  SCV  
  24  2:43  SCV  
  25  2:53  Barracks Reactor  
  25  2:55  SCV  
  25  2:56  Supply Depot  
  25  3:07  SCV  
  26  3:15  Factory Tech Lab  
  26  3:20  Orbital Command  
  26  3:21  SCV  
  27  3:30  Factory  
  27  3:32  Factory  
  27  3:33  SCV  
  28  3:35  Armory  
  28  3:36  Supply Depot  
  28  3:41  Siege Tank  
  28  3:45  SCV  
  32  3:50  Reaper x2  
  32  3:51  SCV  
  35  3:58  SCV  
  35  4:00  Refinery  
  36  4:03  SCV, Refinery  
  37  4:10  SCV  
  37  4:15  Factory Tech Lab x2, SCV  
  39  4:22  SCV  
  39  4:23  Reaper x2  
  34  4:47  Siege Tank  
  37  4:57  Hellion x2  
  38  5:18  Hellion x2  
  38  5:20  Hellion  
  44  5:24  SCV  
  45  5:38  Supply Depot  
  45  5:39  SCV, Hellion x2  
  51  5:42  SCV  
  51  5:51  SCV  
  51  5:55  SCV  
  53  5:59  Siege Tank  
  53  6:01  Hellion x2  
  53  6:03  SCV  
  61  6:07  SCV, Supply Depot  
  61  6:10  Supply Depot  
  62  6:15  SCV  
  63  6:19  SCV  
  63  6:23  Reaper x2  
  66  6:27  SCV  
  66  6:31  Supply Depot, SCV  
  66  6:32  Infernal Pre-Igniter  
  68  6:39  SCV  
  69  6:41  Engineering Bay  
  69  6:43  SCV  
  70  6:51  SCV  
  71  6:55  SCV  
  71  6:57  Hellion  
  71  7:03  SCV  
  71  7:07  SCV, Reaper x2  
  75  7:11  Missile Turret x2  
  75  7:13  Siege Tank  
  75  7:14  Widow Mine  
  75  7:15  Widow Mine  
  82  7:16  SCV  
  82  7:19  SCV  
  84  7:28  SCV  
  85  7:31  SCV  
  85  7:40  SCV  
  85  7:44  Siege Tank x2  
  92  7:53  SCV  
  93  8:16  Hellion  
  94  8:32  Siege Tank x2  
Tags
 
Add a new tag
Caveats
  • Supply blocks, unpowered buildings, or Contaminate may cause inaccurate times.
  • Supply counts are checked every 10 seconds.